 Dungeon Crawl Stone Soup version 0.23-a0-49-gd9f7a49 (webtiles) character file.

189 galech the Chopper (level 5, 0/47 HPs)
             Began as a Minotaur Fighter on Aug 6, 2018.
             Slain by a hound (2 damage)
             ... on level 3 of the Dungeon.
             The game lasted 00:01:59 (1726 turns).

galech the Chopper (Minotaur Fighter)               Turns: 1726, Time: 00:01:59

Health: 0/47       AC:  7    Str: 20    XL:     5   Next: 40%
Magic:  4/4        EV:  7    Int:  5    God:
Gold:   191        SH:  9    Dex: 11    Spells: 4/4 levels left

rFire    . . .     SeeInvis .   a - +0 war axe
rCold    . . .     Gourm    .   c - +0 shield
rNeg     . . .     Faith    .   b - +0 scale mail
rPois    .         Spirit   .   (helmet restricted)
rElec    .         Reflect  .   (no cloak)
rCorr    .         Harm     .   (no gloves)
MR       +....                  (no boots)
Stlth    ..........             (no amulet)
HPRegen  0.15/turn              k - ring of protection from magic
MPRegen  0.09/turn              (no ring)

@: no status effects
A: retaliatory headbutt, horns 2
a: no special abilities


You were on level 3 of the Dungeon.
You were not hungry.

You visited 1 branch of the dungeon, and saw 4 of its levels.

You collected 191 gold pieces.

Inventory:

Hand Weapons
 a - a +0 war axe (weapon)
Armour
 b - a +0 scale mail (worn)
 c - a +0 shield (worn)
Jewellery
 k - a ring of protection from magic (left hand)
Wands
 g - a wand of random effects (17)
 q - a wand of digging (15)
Scrolls
 h - 3 scrolls of teleportation {unknown}
 j - a scroll of immolation {unknown}
 m - 2 scrolls of identify {unknown}
 n - a scroll of remove curse {unknown}
 r - a scroll of fog {unknown}
 s - 2 scrolls of magic mapping {unknown}
 t - a scroll of amnesia {unknown}
Potions
 d - a potion of might
 e - a potion of heal wounds {unknown}
 i - 2 potions of lignification {unknown}
 l - a potion of haste {unknown}
 o - 2 potions of brilliance {unknown}
Comestibles
 f - 8 rations
 p - a chunk of flesh


   Skills:
 + Level 4.4 Fighting
 + Level 5.2 Axes
 + Level 4.3 Armour
 + Level 0.4 Dodging
 + Level 4.4 Shields


You had 4 spell levels left.
You didn't know any spells.
Your spell library was empty.

Dungeon Overview and Level Annotations

Branches:
Dungeon (4/15)
 Temple: D:4-7

Altars:
Cheibriados
Zin


Innate Abilities, Weirdness & Mutations

You reflexively headbutt those who attack you in melee.
You have a pair of horns on your head.


Message History

You block the hound's attack.
You barely miss the hound.
The hound is moderately wounded.
You block the hound's attack. The hound barely misses you.
You completely miss the hound.
The hound is moderately wounded.
You block the hound's attack. The hound bites you but does no damage.
You hit the hound. Your headbutt misses the hound.
The hound is moderately wounded.
You block the hound's attack. The hound bites you but does no damage.
You barely miss the hound.
The hound is moderately wounded.
The hound bites you.
* * * LOW HITPOINT WARNING * * *
The hound bites you but does no damage.
Your shield and scale mail prevent you from hitting the hound.
Your headbutt misses the hound.
The hound is moderately wounded.
The hound bites you.
You die...

###)### ####.#.# ##.# #...#
###..#.#######..# ###.###
##...##......(.... #...###
##..##.............
###...####..###.##..........
##########.#....## #.##..........
.............#### #.##..(.......
#.########.#########.#...........
#.### ###.###..@h...............
..).####.......#####.##..........
.........#.##### #.############
##.####.##.## #.# .#...##.#...##
#.# .###.##......## #.#
.###.##.......# ####.######### #
..##.##.......###............# ##
#.##........................## #.


You could see a hound.

Vanquished Creatures
  A centaur skeleton (D:2)
  Natasha (thrice) (D:2)
  An adder (D:2)
  An ooze (D:1)
  A worm (D:3)
  7 orcs
  6 giant cockroaches
  6 goblins
  4 hobgoblins
  2 jackals (D:1)
  4 quokkas
  A ball python (D:2)
  3 bats
  4 frilled lizards
  13 kobolds
  5 rats
62 creatures vanquished.

Notes
Turn   | Place    | Note
-------+----------+-------------------------------------------
     0 | D:1      | galech the Minotaur Fighter began the quest for the Orb.
     0 | D:1      | Reached XP level 1. HP: 19/19 MP: 0/0
    16 | D:1      | Reached XP level 2. HP: 20/27 MP: 1/1
   578 | D:2      | Noticed Natasha
   583 | D:2      | Reached XP level 3. HP: 32/33 MP: 2/2
   586 | D:2      | Reached skill level 3 in Axes
   589 | D:2      | Killed Natasha
   692 | D:2      | Noticed Natasha
   697 | D:2      | Killed Natasha
   697 | D:2      | Reached skill level 4 in Axes
   697 | D:2      | Reached XP level 4. HP: 38/40 MP: 3/3
  1028 | D:2      | Noticed Natasha
  1034 | D:2      | Killed Natasha
  1042 | D:2      | Found a snail-covered altar of Cheibriados.
  1071 | D:2      | Reached XP level 5. HP: 46/47 MP: 4/4
  1231 | D:3      | Reached skill level 5 in Axes
  1663 | D:3      | Found a glowing silver altar of Zin.
  1703 | D:4      | Noticed an ogre
  1720 | D:3      | HP: 2/47 [hound (5)]
  1725 | D:3      | HP: 2/47 [hound (1)]
  1726 | D:3      | Slain by a hound

Vault maps used:
D:1:      mrwooster_arrival_statue_3, minmay_pentomino_t4
D:2:      cheibriados_altar_1, uniq_natasha
D:3:      zin_statuary, first_ration
D:4:      nicolae_overflow_hidden_temple, nicolae_overflow_crystal_walls,
          grunt_decor_mini_mirrors, tso_altar

Skill      XL: |  1  2  3  4  5 |
---------------+----------------+-----
Fighting       | 4 |  4.4
Armour         | 4 |  4.3
Shields        | 4 |  4.4
Axes           | 4 5 |  5.2
Dodging        | |  0.4

Action                   |  1- 3 |  4- 6 || total
-------------------------+-------+-------++-------
Melee: War axe           |    42 |    77 ||   119
       Headbutt          |     5 |     8 ||    13
  Eat: Chunk             |       |     3 ||     3
Armor: Scale mail        |    18 |    14 ||    32
Dodge: Dodged            |    18 |    25 ||    43
Block: Shield            |    27 |    41 ||    68

Table legend:
 A = Spawn XP
 B = Non-spawn XP
 C = Spawn XP percentage of total XP
 D = Spawn monster count
 E = Non-spawn monster count
 F = Spawn count percentage of total count
 G = Total turns spent on level
                    A         B        C        D         E        F      G
               +---------+---------+-------+---------+---------+-------+---------
         Total |       0 |     271 |   0.0 |       0 |      62 |   0.0 |  1726
               +---------+---------+-------+---------+---------+-------+---------
           D:1 |       0 |      36 |   0.0 |       0 |      19 |   0.0 |   545
           D:2 |       0 |     188 |   0.0 |       0 |      23 |   0.0 |   649
           D:3 |       0 |      42 |   0.0 |       0 |      18 |   0.0 |   510
           D:4 |       0 |       5 |   0.0 |       0 |       2 |   0.0 |    22
               +---------+---------+-------+---------+---------+-------+---------
